 Dungeon Crawl Stone Soup version 0.18-a0-1745-gffa9a88 (webtiles) character file.

140 FrancescoMac the Cudgeler (level 5, -9/57 HPs)
             Began as an Ogre Berserker on Apr 11, 2016.
             Was a Believer of Trog.
             Mangled by a gnoll
             ... wielding a +0 spear
              (11 damage)
             ... on level 3 of the Dungeon.
             The game lasted 00:13:58 (2081 turns).

FrancescoMac the Cudgeler (Ogre Berserker)          Turns: 2081, Time: 00:13:58

Health: -9/57      AC:  3    Str: 22    XL:     5   Next: 23%
Magic:  5/5        EV: 10    Int:  6    God:    Trog [**....]
Gold:   226        SH:  0    Dex: 10    Spells: 0 memorised, 4 levels left

rFire  . . .     SeeInvis +     a - +0 mace
rCold  . . .     Gourm    .     b - +0 animal skin
rNeg   . . .     Faith    .     (no shield)
rPois  +         Spirit   .     (helmet restricted)
rElec  .         Dismiss  .     (no cloak)
rCorr  .         Reflect  .     (gloves unavailable)
SustAt .         Harm     .     (boots unavailable)
MR     .....                    (no amulet)
Stlth  +.........               m - ring of see invisible
                                l - ring of poison resistance

@: not resistant to hostile enchantments, very unstealthy
A: unfitting armour, tough skin 1
a: Berserk, Trog's Hand, Burn Spellbooks, Renounce Religion


You were on level 3 of the Dungeon.
You worshipped Trog.
Trog was pleased with you.
You were not hungry.

You visited 1 branch of the dungeon, and saw 3 of its levels.

You collected 226 gold pieces.

Inventory:

Hand Weapons
 a - a +0 mace (weapon)
Armour
 b - a +0 animal skin (worn)
Jewellery
 l - a ring of poison resistance (left hand)
 m - a ring of see invisible (right hand)
Scrolls
 e - a scroll of amnesia {unknown}
 j - 3 scrolls of identify
 n - a scroll of random uselessness {unknown}
 o - 2 scrolls of teleportation
 r - a scroll of remove curse {unknown}
Potions
 i - a potion of resistance
 p - 2 potions of might
 q - a potion of brilliance {unknown}
Comestibles
 c - 3 bread rations
 d - 6 chunks of flesh
 f - 2 beef jerkies
 g - a slice of pizza
 h - a royal jelly
 k - a meat ration


   Skills:
 + Level 5.3 Fighting
 + Level 5.5 Maces & Flails
 + Level 3.7 Dodging


You had 4 spell levels left.
You didn't know any spells.

Dungeon Overview and Level Annotations

Branches:
Dungeon (3/15)

Altars:


Innate Abilities, Weirdness & Mutations

You are too large for most types of armour.
You have tough skin (AC +1).


Message History

The gnoll hits you from afar with a spear!
* * * LOW HITPOINT WARNING * * *
You sock the giant gecko!
You kill the giant gecko!
Trog accepts your kill.
The gnoll hits you from afar with a spear.
* * * LOW HITPOINT WARNING * * *
The gnoll barely misses you.
You sock the gnoll!
The gnoll is severely wounded.
The gnoll hits you with a spear!
* * * LOW HITPOINT WARNING * * *
You barely miss the gnoll.
The gnoll is severely wounded.
The gnoll hits you with a spear.
* * * LOW HITPOINT WARNING * * *
You closely miss the gnoll.
The gnoll is severely wounded.
The gnoll hits you with a spear!
You die...

....#
##.##...........#
....#
#..#...........#
....#
##.#...........#
†...#
#.............#
....#
##............#
....#
#............#
#+###
###.#######'###
....#######.###
##.....@ggg..#
##.######g#'#######
.. #(...g......
#...g.......
#.)g........
#...........
#...........
#...........
#...........


You could see 4 gnolls.

Vanquished Creatures
  Ijyb (D:3)
  4 adders
  A worm (D:3)
  4 dart slugs
  4 giant geckos
  3 orcs (D:3)
  A ball python (D:2)
  5 bats
  3 giant cockroaches
  10 goblins
  6 hobgoblins
  4 jackals (D:1)
  2 quokkas (D:2)
  3 giant newts (D:1)
  4 kobolds
  6 rats
61 creatures vanquished.

Notes
Turn   | Place    | Note
--------------------------------------------------------------
     0 | D:1      | FrancescoMac the Ogre Berserker began the quest for the Orb.
     0 | D:1      | Reached XP level 1. HP: 24/24 MP: 1/1
   122 | D:1      | Reached XP level 2. HP: 27/32 MP: 2/2
   607 | D:1      | Reached XP level 3. HP: 23/40 MP: 3/3
   950 | D:1      | Reached ** piety under Trog
  1458 | D:2      | Reached XP level 4. HP: 33/49 MP: 4/4
  1547 | D:2      | Reached skill level 5 in Maces & Flails
  1790 | D:3      | Reached skill level 5 in Fighting
  1812 | D:3      | Noticed Ijyb
  1827 | D:3      | Killed Ijyb
  1862 | D:3      | Reached XP level 5. HP: 36/57 MP: 5/5
  2080 | D:3      | HP: 2/57 [gnoll/spear (6)]
  2081 | D:3      | Mangled by a gnoll

Vault maps used:
D:1:      tarquinn_simple_flora_water_d
D:2:      first_bread
D:3:      ecumenical_altar_1, uniq_iyjb

Skill      XL: |  1  2  3  4 |
---------------+-------------+-----
Dodging        | 3 |  3.7
Maces & Flails | 5 |  5.5
Fighting       | 5 |  5.3

Action                   |  1- 3 |  4- 6 || total
-------------------------+-------+-------++-------
Melee: Mace              |   134 |    73 ||   207
  Use: Potion            |     2 |     1 ||     3
       Scroll            |     4 |       ||     4
  Eat: Chunk             |     2 |     2 ||     4
